 Dungeon Crawl Stone Soup version 0.29-a0-275-g389c0b56f3 (webtiles) character file.

Game seed: 14517092118209309121

10 Inarius the Skirmisher (level 2, 24/24 HPs)
             Began as a Human Fighter on Mar 12, 2022.
             Was a Follower of Kikubaaqudgha.
             Got out of the dungeon alive.
             The game lasted 00:00:51 (245 turns).

Inarius the Skirmisher (Human Fighter)               Turns: 245, Time: 00:00:52

Health: 24/24      AC:  6    Str: 16    XL:     2   Next: 30%
Magic:  2/2        EV:  8    Int:  8    God:    Kikubaaqudgha [*.....]
Gold:   30         SH:  4    Dex: 12    Spells: 1/1 levels left

rFire   . . .      SeeInvis .   a - +0 war axe
rCold   . . .      Faith    .   c - +0 buckler
rNeg    . . .      Spirit   .   b - +0 scale mail
rPois   .          Reflect  .   (no helmet)
rElec   .          Harm     .   (no cloak)
rCorr   .          Rampage  .   (no gloves)
Will    .....                   (no boots)
Stlth   ..........              (no amulet)
HPRegen 0.08/turn               (no ring)
MPRegen 0.08/turn               (no ring)

@: no status effects
A: no striking features
a: Renounce Religion, Receive Corpses


You escaped.
You worshipped Kikubaaqudgha.
Kikubaaqudgha was aware of your devotion.
You visited 1 branch of the dungeon, and saw 1 of its levels.

You collected 30 gold pieces.

Inventory:

Hand Weapons
 a - a +0 war axe (weapon)
Armour
 b - a +0 scale mail (worn)
 c - a +0 buckler (worn)
Potions
 d - a potion of might
 e - a potion of heal wounds {unknown}


   Skills:
 + Level 3.1 Fighting
 - Level 2.2 Axes
 + Level 3.1 Armour
 + Level 3.1 Shields


You had one spell level left.
You didn't know any spells.
Your spell library contained the following spells:

 Spells                   Type           Power      Damage    Failure   Level
 Animate Skeleton         Necr           0%         N/A       90%         1
 Pain                     Necr           0%         1d4       90%         1
 Corpse Rot               Necr/Air       0%         N/A       97%         2
 Poisonous Vapours        Pois/Air       0%         N/A       97%         2
 Sublimation of Blood     Necr           0%         N/A       97%         2
 Agony                    Necr           0%         N/A       100%        5


Dungeon Overview and Level Annotations

Branches:
Dungeon (1/15)

Altars:
Kikubaaqudgha


Message History

You see here a book of Vapours.
You hit the hobgoblin but do no damage.
The hobgoblin hits you but does no damage.
The hobgoblin hits you.
You barely miss the hobgoblin. The hobgoblin hits you.
You slash the hobgoblin!
You kill the hobgoblin!
No target in view!
No target in view!
You pick up a book of Vapours and begin reading...
You add the spells Poisonous Vapours and Corpse Rot to your library.
You now have 30 gold pieces (gained 9).
Found a whip.
You start resting.
HP restored.
There is a faded altar of an unknown god here.
You cannot tell which god this altar belongs to.
Convert to them anyway?
Okay, then.
Unknown command.
Press < or > to pray at altars.
You cannot tell which god this altar belongs to.
Convert to them anyway?
Kikubaaqudgha accepts your prayer! Kikubaaqudgha welcomes you!
You can now receive cadavers from Kikubaaqudgha.
Kikubaaqudgha grants you a gift!
You add the spells Animate Skeleton, Pain, Sublimation of Blood and Agony to your library.
Okay, then.
You see here a jackal corpse.
You don't know any spells.
Unknown command.
You don't know any spells.
Unknown command.
Unknown command.
You enter the shallow water.
Moving in this stuff is going to be slow.
There is a staircase leading out of the dungeon here.
Are you sure you want to leave the Dungeon?
This will make you lose the game!
Alright, then stay!
Are you sure you want to leave the Dungeon?
This will make you lose the game!
You have escaped!

###.##.# ## #.#.#.#.#
#.#.#.#.#..
##.#.#.#.##
######.#.#.#.#.#
#.....#.≈≈≈≈≈.#
#.###..#≈...≈#.# #.#
#.#.≈..@≈.# #.#
#..#≈...≈#.#
#.###.#.≈≈≈≈≈.#
######......#.#.#.#.#
.......###.#.#.#.#.##
######.# #..#.#.#.#.#
#.# #.#.#.#.#.## #.#
#...####.## #.. ... #
.#


There were no monsters in sight!

Vanquished Creatures
  A hobgoblin (D:1)
  5 jackals (D:1)
  2 bats (D:1)
  A frilled lizard (D:1)
9 creatures vanquished.

Notes
Turn   | Place    | Note
-------+----------+-------------------------------------------
     0 | D:1      | Inarius the Human Fighter began the quest for the Orb.
     0 | D:1      | Reached XP level 1. HP: 18/18 MP: 1/1
    88 | D:1      | Found a faded altar of an unknown god.
    99 | D:1      | Reached XP level 2. HP: 24/24 MP: 2/2
   195 | D:1      | Prayed at the altar of an unknown god.
   195 | D:1      | Became a worshipper of Kikubaaqudgha
   195 | D:1      | Reached * piety under Kikubaaqudgha
   195 | D:1      | Received a gift from Kikubaaqudgha
   245 | D:$      | Got out of the dungeon alive.

Illustrated notes

Levels and vault maps discovered:
D:1:      ncdulo_watergridlock, layout_loops_ring,
          hellmonk_ecumenical_altar_dog_temple, chequers_serial_rivers_room_a

Action                   || total
-------------------------++-------
Melee: War axe           ||    18
Armor: Scale mail        ||     8
Dodge: Dodged            ||     5
Block: Buckler           ||     8

Table legend: (Time is in decaauts)
 A = Elapsed time spent in this place.
 B = Non-inter-level travel time spent in this place.
 C = Inter-level travel time spent in this place.
 D = Time resting spent in this place.
 E = Time spent auto-exploring this place.
 F = Levels seen in this place.
 G = Mean time per level.
                   A        B        C        D        E       F      G
               +--------+--------+--------+--------+--------+-----+--------+
         Total |    254 |    224 |     30 |     61 |     70 |   1 |  254.0 |
       Dungeon |    254 |    224 |     30 |     61 |     70 |   1 |  254.0 |
               +--------+--------+--------+--------+--------+-----+--------+

Top non-repeatable levels by time:
     D:1: 254 daAuts
